 Seeded DCSS version 0.28.0-43-g3370ac3207 (webtiles) character file.

Game seed: 4306841579673285440 (custom seed)

69 tizbic2 the Skirmisher (level 4, 0/37 HPs)
             Began as a Naga Fighter on Mar 13, 2022.
             Was an Initiate of Cheibriados.
             Slain by a gnoll
             ... wielding a +0 halberd
              (2 damage)
             ... on level 2 of the Dungeon.
             The game lasted 00:05:39 (1303 turns).

tizbic2 the Skirmisher (Naga Fighter)               Turns: 1303, Time: 00:05:40

Health: 0/37       AC:  6    Str: 22    XL:     4   Next: 20%
Magic:  4/4        EV:  8    Int:  9    God:    Cheibriados [......]
Gold:   109        SH:  5    Dex: 13    Spells: 3/3 levels left

rFire   . . .      SeeInvis +   a - +0 war axe
rCold   . . .      Faith    .   c - +1 buckler
rNeg    . . .      Spirit   .   i - +3 leather armour of Filth {Slay+5}
rPois   +          Reflect  .   (no helmet)
rElec   .          Harm     .   (no cloak)
rCorr   .          Rampage  .   (no gloves)
Will    .....                   (no barding)
Stlth   +.........              f - amulet of regeneration
HPRegen 0.92/turn               (no ring)
MPRegen 0.09/turn               (no ring)

@: mighty, very slow
A: AC +1, large, see invisible, deformed body, poison resistance, slowness 2,
spit poison 1, naga tail 1, stinger 1, agile 1, frail 1, sense surroundings 1
a: Spit Poison, Renounce Religion


You were on level 2 of the Dungeon.
You worshipped Cheibriados.
Cheibriados was noncommittal.
You visited 1 branch of the dungeon, and saw 2 of its levels.

You collected 109 gold pieces.

Inventory:

Hand Weapons
 a - a +0 war axe (weapon)
Armour
 c - a +1 buckler (worn)
 i - the +3 leather armour of Filth (worn) {Slay+5}
   (You found it on level 2 of the Dungeon)

   Slay:      It affects your accuracy & damage with ranged weapons and melee
   (+5).
Jewellery
 f - an amulet of regeneration (around neck)
Scrolls
 e - a scroll of fear {unknown}
 h - a scroll of summoning {unknown}
Potions
 g - a potion of brilliance


   Skills:
 + Level 3.4 Fighting
 * Level 2.9 Axes
 + Level 2.7 Armour
 * Level 3.0 Shields


You had 3 spell levels left.
You didn't know any spells.
Your spell library contained the following spells:

 Spells                   Type           Power      Damage    Failure   Level
 Corpse Rot               Necr/Air       0%         N/A       65%         2
 Poisonous Vapours        Pois/Air       0%         N/A       65%         2
 Ozocubu's Armour         Ice            0%         N/A       87%         3
 Metabolic Englaciation   Hex/Ice        0%         N/A       100%        5
 Simulacrum               Ice/Necr       0%         N/A       100%        6


Dungeon Overview and Level Annotations

Branches:
Dungeon (2/15)

Altars:
Cheibriados


Innate Abilities, Weirdness & Mutations

Your serpentine skin is tough. (AC +1)
You have supernaturally acute eyesight. (SInv)
Armour fits poorly on your strangely shaped body.
Your system is resistant to poisons. (rPois)
You cover ground very slowly.
You can spit poison.
You have a snake-like lower body.
Your tail ends in a venomous barb.
You are agile. (Dex +2)
You are frail. (-10% HP)
You passively map a small area around you.


Message History

The splash of poison hits the gnoll but does no damage.
The quokka bites you but does no damage.
The gnoll barely misses you.
You closely miss the quokka. You block the quokka's attack.
The gnoll hits you from afar with a +0 halberd.
The quokka bites you but does no damage.
Unknown command.
You have got your breath back.
The quokka barely misses you. The quokka barely misses you.
The gnoll barely misses you.
You hit the quokka.
The quokka is moderately wounded.
The quokka bites you.
The gnoll hits you from afar with a +0 halberd!
* * * LOW HITPOINT WARNING * * *
The quokka barely misses you. The quokka bites you.
* * * LOW HITPOINT WARNING * * *
The quokka bites you but does no damage.
The gnoll closely misses you. You block the quokka's attack.
You block the gnoll's attack.
The quokka bites you but does no damage.
The quokka bites you.
* * * LOW HITPOINT WARNING * * *
The gnoll barely misses you.
You hit the quokka.
You kill the quokka!
Cheibriados thoroughly appreciates the change of pace.
The gnoll barely misses you.
The gnoll hits you from afar with a +0 halberd.
* * * LOW HITPOINT WARNING * * *
The adder bites you.
* * * LOW HITPOINT WARNING * * *
The gnoll hits you from afar with a +0 halberd.
* * * LOW HITPOINT WARNING * * *
You feel very mighty all of a sudden. The adder bites you.
* * * LOW HITPOINT WARNING * * *
The gnoll hits you from afar with a +0 halberd.
You die...

**, ......).)....). #...†.
##########.###########....# *
#.........................#
*#..#....######...........#
#.....#K###....##.#....... ,
#..†....SSg.#####.#......#
#.####.._.....##..####.#......#
#...........#####....†...######
######..)..##.@SgK..........)..
#########.†.....########.#.######
...........###### #...#
#################################
.....[.>.........................
#################################


You could see a gnoll, an adder and a kobold.

Vanquished Creatures
  3 adders (D:2)
  3 ball pythons
  5 bats (D:2)
  2 endoplasms
  4 giant cockroaches
  4 hobgoblins
  4 kobolds
  2 quokkas (D:2)
  4 frilled lizards
  5 goblins
  5 rats (D:1)
41 creatures vanquished.

Notes
Turn   | Place    | Note
-------+----------+-------------------------------------------
     0 | D:1      | tizbic2 the Naga Fighter began the quest for the Orb.
     0 | D:1      | Reached XP level 1. HP: 21/21 MP: 1/1
   313 | D:1      | Gained mutation: Your tail ends in a venomous barb. [potion
                  | of mutation]
   313 | D:1      | Gained mutation: You passively map a small area around you.
                  | [potion of mutation]
   313 | D:1      | Gained mutation: You are frail. (-10% HP) [potion of
                  | mutation]
   313 | D:1      | Gained mutation: You are agile. (Dex +2) [potion of
                  | mutation]
   320 | D:1      | Reached XP level 2. HP: 21/25 MP: 2/2
   687 | D:1      | Identified a scroll of acquirement
   687 | D:1      | Acquired an amulet of regeneration
  1034 | D:2      | Reached XP level 3. HP: 19/30 MP: 3/3
  1161 | D:2      | Identified the +3 leather armour of Filth {Slay+5}
  1191 | D:2      | Found a snail-covered altar of Cheibriados.
  1210 | D:2      | Became a worshipper of Cheibriados the Contemplative
  1277 | D:2      | Reached XP level 4. HP: 37/37 MP: 4/4
  1303 | D:2      | Slain by a gnoll

Illustrated notes

Levels and vault maps discovered:
D:1:      lemuel_arrival_cross, layout_loops_ring,
          wander_ebering_terrifying_dragon_lair
D:2:      minmay_recursive_quarters, layout_rooms, basic_altar, minivault_25

Skill      XL: |  1  2  3 |
---------------+----------+-----
Shields        | 3 |  3.0
Fighting       | |  3.4
Axes           | |  2.9
Armour         | |  2.7

Action                   |  1- 3 |  4- 6 || total
-------------------------+-------+-------++-------
Melee: War axe           |    77 |    13 ||    90
 Abil: Spit Poison       |     7 |     1 ||     8
  Use: Scroll            |     5 |       ||     5
       Potion            |     1 |     1 ||     2
Armor: Scale mail        |    19 |       ||    19
       Leather armour    |    17 |    18 ||    35
Dodge: Dodged            |    42 |    19 ||    61
Block: Buckler           |    21 |     8 ||    29
